 Dungeon Crawl Stone Soup version 0.31-a0-1042-ga9834b393d (webtiles) character file.

Game seed: 767480019772280988

2546 Maratek the Thaumaturge (level 9, -1/45 HPs)
             Began as a Deep Elf Earth Elementalist on Nov 20, 2023.
             Was an Initiate of Vehumet.
             Succumbed to a killer bee's poison
             ... on level 8 of the Dungeon.
             The game lasted 00:15:56 (8119 turns).

Maratek the Thaumaturge (DEEE)                      Turns: 8119, Time: 00:15:56

Health: -1/45      AC:  4    Str:  5    XL:     9   Next: 30%
Magic:  2/24       EV: 14    Int: 25    God:    Vehumet [......]
Gold:   318        SH:  0    Dex: 15    Spells: 23/27 levels left

rFire   . . .        c - +2 short sword (vamp)
rCold   . . .        (no shield)
rNeg    . . .        a - +0 robe
rPois   .            (no helmet)
rElec   .            z - +0 cloak
rCorr   .            (no gloves)
SInv    .            v - +0 pair of boots
Will    ++...        (no amulet)
Stlth   +++          d - ring of willpower
HPRegen 0.27/turn    s - ring of willpower
MPRegen 0.19/turn

%: no passive effects
@: mighty, lethally poisoned (-1 -> -9)
A: no striking features
a: Renounce Religion


You were on level 8 of the Dungeon.
You worshipped Vehumet.
Vehumet was noncommittal.
You visited 2 branches of the dungeon, and saw 9 of its levels.

You collected 318 gold pieces.

Inventory:

Hand Weapons
 c - a +2 vampiric short sword (weapon)
Missiles
 f - a throwing net
Armour
 a - a +0 robe (worn)
 v - a +0 pair of boots (worn)
 z - a +0 cloak (worn)
Jewellery
 d - a ring of willpower (left hand)
 l - a ring of positive energy
 s - a ring of willpower (right hand)
 u - a +6 ring of strength
 w - a ring of protection from cold
Wands
 o - a wand of polymorph (9)
 x - a wand of mindburst (9)
 B - a wand of roots (3)
Scrolls
 g - 2 scrolls of revelation
 i - a scroll of blinking
 n - a scroll of poison
 p - 2 scrolls of fog
 q - 3 scrolls of immolation
 y - a scroll of enchant weapon
 A - 2 scrolls of teleportation
 D - a scroll of vulnerability {unknown}
Potions
 e - a potion of degeneration {unknown}
 h - 3 potions of might
 j - a potion of curing {unknown}
 k - a potion of brilliance {unknown}
 m - 3 potions of mutation {unknown}
 r - 3 potions of enlightenment {unknown}
 t - 2 potions of resistance {unknown}
 C - 2 potions of attraction {unknown}


   Skills:
 + Level 5.9 Dodging
 + Level 6.3 Stealth
 * Level 9.9 Spellcasting
 + Level 4.5 Transmutations
 * Level 8.4 Earth Magic


You had 23 spell levels left.
You knew the following spells:

 Your Spells              Type           Power      Damage    Failure   Level
a - Sandblast             Erth           100%       2d20      1%          1
b - Stone Arrow           Conj/Erth      66%        3d11      2%          3

Your spell library contained the following spells:

 Spells                   Type           Power      Damage    Failure   Level
 Passwall                 Tmut/Erth      36%        N/A       1%          2
 Petrify                  Tmut/Erth      44%        N/A       3%          4
 Apportation              Tloc           24%        N/A       4%          1
 Necrotise                Necr           48%        1d6       4%          1
 Summon Small Mammal      Summ           48%        N/A       4%          1
 Cigotuvi's Dreadful Rot  Necr/Pois/Air  24%        N/A       8%          2
 Lesser Beckoning         Tloc           24%        N/A       8%          2
 Ignite Poison            Fire/Tmut/Pois 19%        N/A       9%          3
 Brom's Barrelling Bould  Conj/Erth      33%        2d5       9%          4
 Gell's Gravitas          Tloc           12%        N/A       16%         3
 Teleport Other           Tloc           12%        N/A       16%         3
 Freezing Cloud           Conj/Ice/Air   6%         6-21      80%         5


Dungeon Overview and Level Annotations

Branches:
Dungeon (8/15)             Temple (1/1) D:4
   Lair: D:8-11

Altars:
Ashenzari
Cheibriados
Elyvilon
Gozag
Hepliaklqana
Kikubaaqudgha
Makhleb
Qazlal
Ru
Trog
Uskayaw
Vehumet
Xom
Zin
The Shining One

Shops:
D:5 :

Annotations:
Temple 4 transporters


Message History

The killer bee stings you but does no damage.
The stone arrow misses the killer bee.
You feel sick. The killer bee barely misses you.
The killer bee completely misses you. The killer bee stings you.
The killer bee misses you.
The stone arrow misses the killer bee.
You feel sick. The killer bee barely misses you. The killer bee stings you!
The killer bee stings you.
You are more poisoned.
The killer bee poisons you!
The killer bee stings you but does no damage.
You are too injured to fight recklessly!
You are too injured to fight recklessly!
You are too injured to fight recklessly!
You are too injured to fight recklessly!
You feel much better.
You feel sick. The killer bee stings you. The killer bee closely misses you.
The killer bee barely misses you. The killer bee stings you.
You are more poisoned.
The killer bee poisons you!
You feel very mighty all of a sudden.
You feel very sick.
The killer bee stings you but does no damage.
The killer bee stings you. The killer bee stings you!
The killer bee barely misses you.
You closely miss the killer bee.
The killer bee is heavily wounded.
You feel very sick. The killer bee barely misses you.
The killer bee closely misses you. The killer bee stings you.
* * * LOW HITPOINT WARNING * * *
The killer bee stings you but does no damage.
You hit the killer bee.
You feel better.
The killer bee is almost dead.
You feel sick. The killer bee misses you. The killer bee stings you.
* * * LOW HITPOINT WARNING * * *
The killer bee closely misses you. The killer bee stings you.
* * * LOW HITPOINT WARNING * * *
You completely miss the killer bee.
The killer bee is almost dead.
You die...

#.## #.........##.#
####+#
#....#.........##..
#.....
#.....†....#########
+..... #..........#
#..... #..........#
#.#.....
#..........###
#.#.#.....
########.....###
#.#.#.....
............##
#.#.#.....
.#######.@y..#
#.#.#..... ###y#.#
#.#.#.....
y..####.#.#.....
#.....).#...####
..####...##.... ..#
#..#.#..... .#
#.##.#..... .##..
#.#..<.. #. #.#.....


You could see 3 killer bees.

Vanquished Creatures
  A steam dragon (D:8)
  A water moccasin (D:7)
  A sky beast (D:6)
  2 black bears
  An ogre (D:5)
  2 phantoms
  4 bullfrogs
  2 scorpions
  8 wights
  2 killer bees (D:8)
  2 howler monkeys
  6 hounds
  2 orc priests
  Jessica (D:2)
  4 iguanas
  Terence (D:2)
  8 orc wizards
  5 adders
  9 gnolls
  A white imp (D:7)
  A worm (D:4)
  7 dart slugs
  29 orcs
  2 bats (D:2)
  10 endoplasms
  3 giant cockroaches
  6 hobgoblins
  3 jackals (D:1)
  6 ball pythons
  4 frilled lizards
  9 goblins
  8 kobolds
  3 rats
154 creatures vanquished.

Notes
Turn   | Place    | Note
-------+----------+-------------------------------------------
     0 | D:1      | Maratek the Deep Elf Earth Elementalist began the quest for
                  | the Orb.
     0 | D:1      | Reached XP level 1. HP: 10/10 MP: 6/6
   198 | D:1      | Reached XP level 2. HP: 15/15 MP: 6/8
   891 | D:2      | Reached XP level 3. HP: 19/19 MP: 5/10
  1014 | D:2      | Reached skill level 4 in Spellcasting
  1165 | D:2      | Noticed Jessica
  1171 | D:2      | Killed Jessica
  1172 | D:2      | Reached XP level 4. HP: 24/24 MP: 7/12
  1350 | D:2      | Noticed Terence
  1368 | D:2      | Killed Terence
  1369 | D:2      | Reached skill level 5 in Spellcasting
  1441 | D:2      | Learned a level 3 spell: Stone Arrow
  2468 | D:4      | Found a staircase to the Ecumenical Temple.
  2480 | Temple   | Found a transporter.
  2480 | Temple   | Found a transporter.
  2480 | Temple   | Found a transporter.
  2480 | Temple   | Found a transporter.
  2480 | Temple   | Entered the Ecumenical Temple
  2559 | D:4      | Reached XP level 5. HP: 26/28 MP: 9/14
  2591 | D:4      | Identified the +7 flail of Friendship {speed, rN+ Str+4}
  2703 | D:4      | Found a glowing silver altar of Zin.
  2771 | D:4      | Reached skill level 5 in Earth Magic
  2774 | D:4      | Reached skill level 6 in Spellcasting
  2870 | D:4      | Reached XP level 6. HP: 32/32 MP: 14/17
  3394 | D:4      | Reached XP level 7. HP: 20/36 MP: 13/19
  3395 | D:4      | Reached skill level 7 in Spellcasting
  4180 | D:5      | Entered Level 5 of the Dungeon
  4565 | D:5      | Found Fausitz's Book Shop.
  4871 | D:5      | Reached XP level 8. HP: 41/41 MP: 11/21
  5170 | D:6      | Reached skill level 8 in Spellcasting
  5996 | D:6      | Reached skill level 5 in Stealth
  6173 | D:7      | Reached skill level 5 in Dodging
  6320 | D:7      | Found a burning altar of Makhleb.
  6541 | D:7      | Reached skill level 9 in Spellcasting
  6650 | D:7      | Found a snail-covered altar of Cheibriados.
  6775 | D:7      | Noticed a +0 short sword
  6775 | D:7      | Noticed a +0 dagger
  6775 | D:7      | Noticed a +0 dagger
  6776 | D:7      | Noticed a +0 spear
  6776 | D:7      | Noticed a +0 falchion
  6780 | D:7      | Noticed a +0 falchion
  6783 | D:7      | Noticed a +0 short sword
  6783 | D:7      | Noticed a +0 spear
  6788 | D:7      | Found a hide-covered altar of Uskayaw.
  6913 | D:7      | HP: 1/36 [wight/+2 long sword of freezing (3)]
  6922 | D:7      | Reached XP level 9. HP: 4/43 MP: 17/24
  7407 | D:7      | Found a shimmering altar of Xom.
  7899 | D:8      | Found a radiant altar of Vehumet.
  7915 | D:8      | Became a worshipper of Vehumet
  8118 | D:8      | HP: 1/45 [killer bee (5)]
  8119 | D:8      | Succumbed to a killer bee's poison

Illustrated notes

Levels and vault maps discovered:
D:1:      lightli_arrival_farm, layout_basic, hex_large
D:2:      layout_loops_ring, uniq_terence, uniq_jessica
D:3:      kennysheep_slugbush, layout_loops_cross, minmay_misc_feat_roman,
          serial_park_tiny_1, corexii_corridor_pit
D:4:      layout_basic, zin_scriptorium, minmay_temple_entry_glass,
          serial_library_hellmonk_room_c, roderic_serpentine_path, st_stairs_4,
          chequers_serial_rivers_micro_d, minmay_pentangle
D:5:      layout_cave_pools, serial_shops, shop
D:6:      layout_loops_corners
D:7:      layout_basic, mainiacjoe_overflow_small_starburst, tgw_xom,
          mainiacjoe_overflow_alcove_1, nicolae_uskayaw_en_pointe
D:8:      cheibrodos_statue_roulette, layout_basic,
          mainiacjoe_overflow_brackets, mainiacjoe_overflow_boulevard
Temple:   hellmonk_temple_divided_pantheon

Skill      XL: |  1  2  3  4  5  6  7  8  9 |
---------------+----------------------------+-----
Earth Magic    | 4 5 6 7 8 |  8.4
Spellcasting   | 4 5 6 7 9 |  9.9
Dodging        | 3 4 5 |  5.9
Stealth        | 3 4 5 6 |  6.3
Transmutations | 2 4 |  4.5

Action                     |  1- 3 |  4- 6 |  7- 9 || total
---------------------------+-------+-------+-------++-------
  Melee: Short sword       |       |       |    28 ||    28
         Punch             |       |       |     1 ||     1
   Cast: Sandblast         |    47 |    83 |    13 ||   143
         Stone Arrow       |       |     1 |   136 ||   137
    Use: Scroll            |     2 |     5 |     8 ||    15
         Potion            |       |     1 |     5 ||     6
 Armour: Robe              |    14 |    43 |    55 ||   112
  Dodge: Dodged            |    15 |    40 |    72 ||   127

Table legend: (Time is in decaauts)
 A = Elapsed time spent in this place.
 B = Non-inter-level travel time spent in this place.
 C = Inter-level travel time spent in this place.
 D = Time resting spent in this place.
 E = Time spent auto-exploring this place.
 F = Levels seen in this place.
 G = Mean time per level.
                   A        B        C        D        E       F      G
               +--------+--------+--------+--------+--------+-----+--------+
         Total |   8220 |   7793 |    427 |    608 |   6190 |   9 |  913.3 |
       Dungeon |   8178 |   7759 |    419 |    608 |   6190 |   8 | 1022.2 |
        Temple |     41 |     33 |      8 |      0 |      0 |   1 |   41.0 |
               +--------+--------+--------+--------+--------+-----+--------+

Top non-repeatable levels by time:
     D:4: 1717 daAuts
     D:7: 1505 daAuts
     D:6: 1241 daAuts
     D:2: 1170 daAuts
     D:1: 799 daAuts
     D:5: 724 daAuts
     D:3: 549 daAuts
     D:8: 469 daAuts
  Temple: 41 daAuts
